 Dungeon Crawl Stone Soup version 0.29.1-15-g9cfb28693d (webtiles) character file.

Game seed: 13469124997505213905

5 QwertyIsDirtey the Slasher (level 1, -2/20 HPs)
             Began as a Minotaur Berserker on Mar 24, 2023.
             Was a Follower of Trog.
             Frozen to death by an endoplasm (4 damage)
             ... on level 1 of the Dungeon.
             The game lasted 00:00:20 (108 turns).

QwertyIsDirtey the Slasher (Minotaur Berserker)      Turns: 108, Time: 00:00:22

Health: -2/20      AC:  2    Str: 21    XL:     1   Next: 66%
Magic:  0/0        EV: 12    Int:  4    God:    Trog [*.....]
Gold:   0          SH:  0    Dex:  9    Spells: 0/0 levels left

rFire   . . .      SeeInvis .   a - +0 falchion
rCold   . . .      Faith    .   (no shield)
rNeg    . . .      Spirit   .   b - +0 animal skin
rPois   .          Reflect  .   (helmet restricted)
rElec   .          Harm     .   (no cloak)
rCorr   .          Rampage  .   (no gloves)
Will    .....                   (no boots)
Stlth   +.........              (no amulet)
HPRegen 0.06/turn               (no ring)
MPRegen 0.07/turn               (no ring)

@: no status effects
A: horns 2, retaliatory headbutt
a: Renounce Religion, Berserk


You were on level 1 of the Dungeon.
You worshipped Trog.
Trog was aware of your devotion.
You visited 1 branch of the dungeon, and saw 1 of its levels.

Inventory:

Hand Weapons
 a - a +0 falchion (weapon)
Armour
 b - a +0 animal skin (worn)


   Skills:
 + Level 3.8 Fighting
 + Level 3.8 Long Blades
 + Level 2.5 Armour
 + Level 2.2 Dodging


You couldn't memorise any spells.
You didn't know any spells.
Your spell library was empty.

Dungeon Overview and Level Annotations

Branches:
Dungeon (1/15)

Altars:


Innate Abilities, Weirdness & Mutations

You have a pair of horns on your head.
You reflexively headbutt those who attack you in melee.


Message History

You closely miss the quokka. Your headbutt misses the quokka.
The quokka is almost dead.
The quokka barely misses you.
You barely miss the quokka. Your headbutt misses the quokka.
The quokka is almost dead.
The quokka misses you. You furiously retaliate!
You headbutt the quokka!
You kill the quokka!
Trog accepts your kill.
You see here a quokka corpse.
Found a scroll labelled QOCOLUPOPE.
A frilled lizard comes into view.
The frilled lizard hisses angrily.
The endoplasm quivers.
Found a faded altar of an unknown god.
The endoplasm freezes you.
You are frozen.
The frilled lizard bites you.
* * * LOW HITPOINT WARNING * * *
The endoplasm attacks as you move away! The endoplasm misses you.
The endoplasm attacks as you move away! The endoplasm misses you.
The frilled lizard attacks as you move away!
The frilled lizard closely misses you.
The frilled lizard attacks as you move away!
The frilled lizard bites you but does no damage.
The frilled lizard attacks as you move away!
The frilled lizard bites you.
* * * LOW HITPOINT WARNING * * *
The frilled lizard bites you.
* * * LOW HITPOINT WARNING * * *
The frilled lizard attacks as you move away!
The frilled lizard misses you. The endoplasm barely misses you.
The frilled lizard closely misses you. You furiously retaliate!
You headbutt the frilled lizard. The endoplasm barely misses you.
You hit the endoplasm.
The endoplasm is lightly wounded.
The frilled lizard bites you.
* * * LOW HITPOINT WARNING * * *
The endoplasm freezes you.
You are frozen.
You die...

#####......######......>.+ #.
........................## #.
.......##...............# #.
.......##............####### #.
..................##...###8#####.
......#....##.....####....(......
......#...........# #####8#####.
......#...........# ### #.
................@.# #.
......###..###..Jl# #!
.†................# #.
###.#..........#.## #.
#.#.###......#.# #.
#..............# #....$.......###
#.#..........# #.#.###._###.#


You could see an endoplasm and a frilled lizard.

Vanquished Creatures
  2 hobgoblins (D:1)
  A quokka (D:1)
  2 ball pythons (D:1)
5 creatures vanquished.

Notes
Turn   | Place    | Note
-------+----------+-------------------------------------------
     0 | D:1      | QwertyIsDirtey the Minotaur Berserker began the quest for
                  | the Orb.
     0 | D:1      | Reached XP level 1. HP: 19/19 MP: 0/0
    95 | D:1      | Found a faded altar of an unknown god.
   108 | D:1      | Frozen to death by an endoplasm

Illustrated notes

Levels and vault maps discovered:
D:1:      lemuel_arrival_cross, layout_basic,
          hellmonk_ecumenical_altar_lost_god, kennysheep_nondescript,
          minmay_vboxes

Action                   || total
-------------------------++-------
Melee: Falchion          ||     9
       Headbutt          ||     1
Armor: Animal skin       ||     2
Dodge: Dodged            ||    18
